AoeStats
← bosmang

Four Lakes

509633474Analyzed
1v1 RM · 6d ago on Sep 27, 2026· 32m 33s· 2 players
Game mode
Random Map
Map size
Tiny (2 player)
Population
200
Speed
Normal
Resources
Standard
Victory
Conquest
Starting age
Dark Age
Ending age
Imperial Age
RankedLock teamsTeams togetherTeam positionsShared explorationLock speedFull tech treeHidden civsTurbo modeCheats
Victory
Defeat
🇩🇪 Dravidians · Germany
1100
+15
🇺🇸 Bohemians · United States
1083
-15
gbfergeson
7:09 Loom
9:28 Feudal Age
10:12 Double-Bit Axe
13:47 Horse Collar
22:24 Castle Age
20:58 Fletching
22:32 Crossbowman
23:49 Scale Barding Armor
23:55 Forging
28:43 Bow Saw
bosmang
7:39 Loom
10:45 Feudal Age
10:59 Man-at-Arms
13:07 Horse Collar
16:02 Arson
19:46 Scale Mail Armor
20:56 Forging
24:25 Castle Age
23:07 Fletching
24:23 Wheelbarrow
24:54 Double-Bit Axe
24:40 Pikeman
25:22 Squires
25:38 Elite Skirmisher
27:36 Bodkin Arrow
27:41 Padded Archer Armor
29:04 Iron Casting
29:23 Chain Mail Armor
33:04 Leather Archer Armor
Connection lost

Rejoining the realm…

Still unreachable

The connection could not be restored.

Session expired

The server has moved on; the page needs a fresh start.